 Dungeon Crawl Stone Soup version 0.20.1-1-g8b1a95d66d (webtiles) character file.

90 Meaglor the Caller (level 4, -1/24 HPs)
             Began as a Tengu Summoner on Nov 30, 2017.
             Slain by tensugalgo's ghost (10 damage)
             ... on level 3 of the Dungeon.
             The game lasted 00:11:57 (2949 turns).

Meaglor the Caller (Tengu Summoner)                 Turns: 2949, Time: 00:11:57

Health: -1/24      AC:  2    Str:  8    XL:     4   Next: 56%
Magic:  0/8        EV: 13    Int: 16    God:
Gold:   90         SH:  0    Dex: 15    Spells: 1/7 levels left

rFire    . . .     SeeInvis .   h - +3 mace (venom)
rCold    . . .     Gourm    .   (no shield)
rNeg     . . .     Faith    .   a - +0 robe
rPois    +         Spirit   .   (helmet restricted)
rElec    .         Reflect  .   (no cloak)
rCorr    .         Harm     .   (no gloves)
MR       .....                  (boots unavailable)
Stlth    ++........             (no amulet)
Regen    0.1/turn               d - ring of poison resistance
MPRegen  0.2/turn               (no ring)

@: very slightly contaminated
A: beak, talons 3
a: no special abilities


You were on level 3 of the Dungeon.
You were not hungry.

You visited 1 branch of the dungeon, and saw 3 of its levels.

You collected 90 gold pieces.

Inventory:

Hand Weapons
 e - a +0 short sword
 g - a cursed -2 whip
 h - a +3 mace of venom (weapon)
Missiles
 i - 26 sling bullets
Armour
 a - a +0 robe (worn)
 j - a +1 ring mail of fire resistance
Jewellery
 d - a ring of poison resistance (left hand)
Books
 b - a book of Callings

   Spells                             Type                      Level
   a - Summon Small Mammal            Summoning                    1
   b - Call Imp                       Summoning                    2
   c - Call Canine Familiar           Summoning                    3
   d - Summon Guardian Golem          Hexes/Summoning              3
   e - Summon Lightning Spire         Summoning/Air                4
   f - Summon Ice Beast               Ice/Summoning                4
Comestibles
 c - 2 bread rations


   Skills:
 - Level 0.2 Fighting
 + Level 1.3 Short Blades
 + Level 3.1 Dodging
 + Level 3.0 Stealth
 - Level 0.7 Unarmed Combat
 * Level 2.1 Spellcasting
 + Level 5.4 Summonings


You had one spell level left.
You knew the following spells:

 Your Spells              Type           Power        Failure   Level  Hunger
a - Summon Small Mammal   Summ           ###.         2%          1    #......
b - Call Imp              Summ           ###.....     3%          2    ###....
c - Call Canine Familiar  Summ           ###.....     7%          3    ###....


Dungeon Overview and Level Annotations

Branches:
Dungeon (3/15)

Altars:

Annotations:
D:3 tensugalgo's ghost, amateur DsGl


Innate Abilities, Weirdness & Mutations

You have a beak for a mouth.
You have claws for feet.


Message History

Tensugalgo's ghost hits your hound.
Your hound bites tensugalgo's ghost but does no damage.
Tensugalgo's ghost closely misses your hound.
Your hound bites tensugalgo's ghost.
Your hound bites tensugalgo's ghost.
Tensugalgo's ghost hits your hound!
Casting: Call Canine Familiar
Confirm with . or Enter, or press ? or * to list all spells.
Your hound bites tensugalgo's ghost.
Tensugalgo's ghost hits your hound!
Your hound dies!
Your hound's corpse disappears in a puff of smoke!
Your rat bites tensugalgo's ghost.
You barely miss tensugalgo's ghost.
Tensugalgo's ghost is moderately damaged.
Tensugalgo's ghost hits you.
Your rat bites tensugalgo's ghost.
You closely miss tensugalgo's ghost.
Tensugalgo's ghost is moderately damaged.
Tensugalgo's ghost closely misses you.
Your rat closely misses tensugalgo's ghost.
Tensugalgo's ghost hits you!
You die...

# ##.. .....
#########################......
...............................
##....######..rW@##'####.......
#....# #..........<#.......
#....# #...........#.......
#....# #.........>.#.......
#....# #...........#.......
#....# ####...........#.......
..[..# #.........#..###.#+##+#
##....###.............#
#...........###..


You could see tensugalgo's ghost and a friendly rat.

Vanquished Creatures
  2 adders (D:2)
  A worm (D:2)
  A dart slug (D:2)
  5 leopard geckos
  A giant cockroach (D:1)
  6 goblins
  5 hobgoblins
  9 kobolds
  4 bats
  2 frilled lizards
  A rat (D:1)
37 creatures vanquished.

Vanquished Creatures (collateral kills)
  2 adders (D:2)
  A worm (D:2)
  2 leopard geckos (D:1)
  A ball python (D:1)
  A goblin (D:1)
  A hobgoblin (D:2)
  A rat (D:1)
9 creatures vanquished.

Grand Total: 46 creatures vanquished

Notes
Turn   | Place    | Note
-------+----------+-------------------------------------------
     0 | D:1      | Meaglor the Tengu Summoner began the quest for the Orb.
     0 | D:1      | Reached XP level 1. HP: 10/10 MP: 4/4
   246 | D:1      | Reached skill level 5 in Summonings
   308 | D:1      | Reached XP level 2. HP: 1/15 MP: 4/6
   338 | D:1      | Learned a level 2 spell: Call Imp
  1371 | D:1      | Reached XP level 3. HP: 13/19 MP: 7/7
  1804 | D:2      | Reached skill level 1 in Short Blades
  1804 | D:2      | Reached XP level 4. HP: 6/24 MP: 8/8
  2058 | D:2      | Learned a level 3 spell: Call Canine Familiar
  2902 | D:3      | Noticed tensugalgo's ghost (amateur DsGl)
  2949 | D:3      | Slain by tensugalgo's ghost

Skill      XL: |  1  2  3  4 |
---------------+-------------+-----
Summonings     | 5 |  5.4
Short Blades   | 1 |  1.3
Dodging        | 3 |  3.1
Stealth        | 3 |  3.0
Fighting       | |  0.2
Unarmed Combat | |  0.7
Spellcasting   | |  2.1

Action                   |  1- 3 |  4- 6 || total
-------------------------+-------+-------++-------
Melee: Unarmed           |    41 |       ||    41
       Peck              |    16 |     4 ||    20
       Kick              |    25 |     8 ||    33
       Short sword       |    71 |    46 ||   117
       Mace              |       |     3 ||     3
 Cast: Summon Small Mamm |     1 |     1 ||     2
       Call Imp          |     7 |     1 ||     8
       Call Canine Famil |       |     4 ||     4
  Use: Potion            |     1 |       ||     1
       Scroll            |       |     1 ||     1
 Stab: Sleeping          |     6 |     1 ||     7
  Eat: Bread ration      |     1 |       ||     1
       Royal jelly       |       |     1 ||     1
       Fruit             |       |     1 ||     1
Armor: Robe              |    24 |     2 ||    26
Dodge: Dodged            |    76 |    42 ||   118
